[Event "35th Staufer-Open-A 2025"]
[Site "Schwaebisch Gmuend"]
[Date "2025.01.06"]
[Round "9.1"]
[White "Korneev, Oleg"]
[Black "Visakh N R"]
[Result "1/2-1/2"]
[ECO "B33"]
[WhiteElo "2486"]
[BlackElo "2501"]
[Annotator "TA"]
[PlyCount "120"]
[EventDate "2024.11.24"]
[EventType "swiss"]
[EventCountry "GER"]
[SourceTitle "playchess.com"]
[Source "ChessBase"]
[SourceQuality "1"]
[TimeControl "40/6000+30:1200+30"]

1. e4 c5 2. Nf3 Nc6 3. d4 cxd4 4. Nxd4 Nf6 5. Nc3 e5 6. Ndb5 d6 7. Bg5 a6 8. Na3 b5 9. Nd5 Be7 10. Bxf6 Bxf6 11. c3 O-O 12. Nc2 Rb8 $1 {[%emt 0:00:26][%mdl 4] is recently more successful than 12...Bg5.} 13. Be2 Bg5 14. Qd3 Be6 {[%emt 0:07:30] B33: Sicilian: Pelikan and Sveshnikov Variations.} 15. Rd1 a5 16. a3 Bxd5 $146 ({Predecessor:} 16... Ne7 17. Nce3 Bxe3 18. Nxe3 b4 19. axb4 axb4 20. Qxd6 Qxd6 21. Rxd6 bxc3 22. bxc3 Rfc8 23. c4 Nc6 24. O-O Nd4 25. Bg4 Bxg4 26. Nxg4 Rxc4 27. Nxe5 Ne2+ 28. Kh1 Rxe4 29. Nf3 {½-½ Hracek,Z (2615)-Caruana,F (2680) EU-ch 11th Rijeka 2010 (9)}) 17. Qxd5 Qb6 18. h4 Bh6 19. b4 (19. Qxd6 $2 {loses.} Rfd8 20. O-O Rxd6 $19) 19... Rfd8 $1 20. bxa5 Qxa5 21. Nb4 Ne7 22. Qb3 Ra8 23. c4 bxc4 24. Bxc4 Qxa3 25. Bxf7+ Kh8 26. Qxa3 Rxa3 27. O-O Ra4 28. Nd5 Nc6 29. Nc3 Ra7 30. Bc4 Nd4 31. Nb5 Nxb5 32. Bxb5 Rc7 33. Ba6 g6 34. Rfe1 Bg7 35. Rc1 Rxc1 36. Rxc1 Bf6 37. g3 d5 38. Rc6 Kg7 39. Rc7+ Kh8 40. Rc6 Kg7 41. Rc7+ Kh8 42. exd5 Rxd5 43. Bb7 Rd4 44. f3 Bd8 45. Rc8 Kg7 46. Be4 Rd6 47. Rb8 Rd7 48. Kg2 h5 49. Kh3 g5 50. Bc6 Rd6 51. Rb7+ Kf8 52. Be4 gxh4 53. gxh4 Rd1 54. Rh7 Rh1+ 55. Kg3 Bxh4+ 56. Kg2 Ra1 57. Rxh5 Bf6 58. Rh7 Bg7 59. Rh5 Kf7 60. Kg3 Rg1+ 1/2-1/2

[Event "35th Staufer-Open-A 2025"]
[Site "Schwaebisch Gmuend"]
[Date "2025.01.06"]
[Round "9.2"]
[White "Vuckovic, Zarko"]
[Black "Peng, Li Min"]
[Result "0-1"]
[ECO "B45"]
[WhiteElo "2344"]
[BlackElo "2518"]
[Annotator "RC"]
[PlyCount "100"]
[EventDate "2024.11.24"]
[EventType "swiss"]
[EventCountry "GER"]
[SourceTitle "playchess.com"]
[Source "ChessBase"]
[SourceQuality "1"]
[TimeControl "40/6000+30:1200+30"]

1. e4 c5 2. Nf3 e6 3. d4 cxd4 4. Nxd4 Nc6 5. Nc3 Nf6 6. Ndb5 Bc5 7. Bf4 O-O 8. Bc7 Qe7 9. Bd6 Bxd6 10. Qxd6 Qd8 11. Nc7 Rb8 12. Be2 b6 13. e5 Rb7 14. exf6 Qxc7 15. Qxc7 Rxc7 16. fxg7 Kxg7 17. Nb5 Rb7 18. Nd6 Rb8 19. O-O-O Bb7 20. Bf3 Ba8 21. c4 f5 22. Rhe1 Kf6 23. b3 a6 24. Kb2 h5 25. Bxh5 Rh8 26. g4 fxg4 27. Bxg4 Rxh2 28. Rd2 Rf8 29. Bf3 Ke7 30. Rh1 Rxh1 31. Bxh1 Ne5 32. Bxa8 Rxa8 33. f4 Nf3 34. Rd3 Ne1 35. Rd2 Rf8 36. Kc3 Nf3 37. Rd1 Nh4 38. Rd2 Ng6 39. f5 exf5 40. b4 Ne5 41. b5 axb5 42. Nxb5 f4 43. Re2 d6 44. Re1 f3 45. Kd2 f2 46. Rf1 Ng4 47. Ke2 Rf4 48. Nc3 Rxc4 49. Kd3 Rxc3+ 50. Kxc3 Ne3 0-1

[Event "35th Staufer-Open-A 2025"]
[Site "Schwaebisch Gmuend"]
[Date "2025.01.06"]
[Round "9.3"]
[White "Noe, Christopher"]
[Black "Stork, Oliver"]
[Result "1-0"]
[ECO "A90"]
[WhiteElo "2509"]
[BlackElo "2396"]
[Annotator "TA"]
[PlyCount "113"]
[EventDate "2024.11.24"]
[EventType "swiss"]
[EventCountry "GER"]
[SourceTitle "playchess.com"]
[Source "ChessBase"]
[SourceQuality "1"]
[TimeControl "40/6000+30:1200+30"]

1. d4 d5 2. c4 e6 3. Nf3 c6 4. Nbd2 f5 5. g3 Nf6 6. Bg2 Bd6 7. O-O Nbd7 8. b3 O-O 9. Bb2 b6 10. Ne5 Bb7 11. Ndf3 Rc8 {[%emt 0:01:56] The position is equal.} 12. Rc1 Qe7 13. Rc2 Rfd8 14. Qa1 Ne4 15. Nxd7 Rxd7 16. Rfc1 a5 17. Ne1 a4 18. Nd3 a3 19. Bc3 Ba6 20. Be1 dxc4 (20... c5 $5) 21. bxc4 c5 22. Qb1 Rb8 (22... cxd4 $6 23. Qxb6 Ra8 24. c5 $16 (24. Qxd4 Bf4 $11)) 23. e3 Qf6 24. Rd1 Qd8 25. Qb3 cxd4 (25... Bb7 $1 $11) 26. exd4 $14 Kh8 ({Better is} 26... Bb7 $14) 27. Rcc1 Rc8 {[%emt 0:01:13] [#]} 28. c5 bxc5 29. Qxe6 {[%emt 0:05:04][%cal Oe1a5] Ba5! is the strong threat.} (29. Qxa3 Bb7 $11) 29... cxd4 {[%emt 0:00:43] [#]} 30. Ba5 $1 Qe7 (30... Rxc1 31. Rxc1) 31. Rxc8+ {[%emt 0:04:28] White now steadily converts the win.} Bxc8 32. Qxf5 {[%emt 0:00:10] White is more active.} Nc3 (32... Nf6 $16 {was called for.}) 33. Re1 $40 {[%emt 0:00:19][%mdl 128] Black is in trouble.} Qf7 {[%emt 0:00:18] [#]} 34. Bh3 {[%emt 0:00:08] Black must now prevent Qxf7.} Qg8 (34... Qxf5 35. Bxf5 Re7 36. Rxe7 (36. Bxc8 Rxe1+ 37. Nxe1 Nxa2 $18) 36... Bxe7 37. Bxc8) 35. Qg4 ({White should play} 35. Qxd7 $18 Bxd7 36. Bxd7 Qxa2 (36... Nxa2 $2 37. Re8 $18) 37. Re8+ Qg8 38. Rxg8+ Kxg8 39. Be6+ Kf8 40. Kg2) 35... Re7 $2 36. Qxc8 Rxe1+ 37. Nxe1 Qxc8 38. Bxc8 {[%emt 0:00:05] Threatens to win with Be6.} Nxa2 {[%emt 0:00:04] [#]} 39. Nd3 {[%emt 0:03:00] Repels Bb4} Nb4 (39... h5 {was necessary.} 40. Be6 Nc3) 40. Nxb4 Bxb4 41. Bb6 (41. Bxb4 $2 {perishes.} a2 42. Bg4 a1=Q+ $19 (42... a1=B $2 43. Be2 $18)) 41... Bc3 42. Be6 g6 43. Bc5 Bb2 44. Bf8 h5 45. h3 Kh7 46. Bf7 g5 47. g4 (47. Bxh5 $2 {is the wrong capture.} a2 48. Kg2 a1=Q $19 (48... a1=B 49. Be7 $16)) 47... hxg4 48. hxg4 d3 49. Kf1 d2 50. Ke2 Bc1 51. f3 Kh8 52. Bb3 Kh7 53. Bb4 Kg6 54. Bxd2 Bxd2 55. Kxd2 {[%emt 0:00:00] White mates.} Kf6 56. Ke3 Ke5 57. Ba2 {[%emt 0:00:00] Weighted Error Value: White=0.10 (very precise) /Black=0.45.  Loses game:     	---       	Black=1      Mistake:       	White=2     	Black=4      Inaccurate:     	White=2     	Black=4      OK:         	White=12    	Black=11     Best:        	White=4     	Black=2} 1-0

[Event "35th Staufer-Open-A 2025"]
[Site "Schwaebisch Gmuend"]
[Date "2025.01.06"]
[Round "9.4"]
[White "Toktomushev, Teimur"]
[Black "Gschnitzer, Adrian"]
[Result "1-0"]
[ECO "D46"]
[WhiteElo "2262"]
[BlackElo "2442"]
[Annotator "TA"]
[PlyCount "77"]
[EventDate "2024.11.24"]
[EventType "swiss"]
[EventCountry "GER"]
[SourceTitle "playchess.com"]
[Source "ChessBase"]
[SourceQuality "1"]
[TimeControl "40/6000+30:1200+30"]

1. d4 d5 2. c4 e6 3. Nc3 c6 4. e3 Nf6 5. Nf3 Nbd7 6. Qc2 Bd6 7. Bd3 dxc4 8. Bxc4 b5 9. Bd3 O-O 10. O-O Bb7 11. e4 e5 12. dxe5 Nxe5 13. Nxe5 Bxe5 14. h3 a6 15. Be3 Re8 16. Rad1 Qe7 17. a4 Rac8 18. Rfe1 h6 19. Qc1 Rcd8 20. Bb6 Bc7 21. Bxc7 Qxc7 22. e5 $1 Rxe5 (22... Nd7 $1 $14) 23. Rxe5 $16 Qxe5 {[%emt 0:00:08] [#]} 24. Bh7+ $1 Kxh7 25. Rxd8 b4 26. Qc2+ g6 {[%emt 0:00:13] [#]} 27. Ne2 $1 (27. Qe2 $2 Qc7 28. Rd3 bxc3 29. Rxc3 Kg8 $17) 27... c5 (27... Qe7 $16 28. Rd1 Kg7) 28. Qd2 $40 {[%emt 0:05:30][%mdl 128] White goes for the king.} Kg7 29. Qd6 {[%emt 0:04:28] Inhibits Bc6.} Qxd6 30. Rxd6 {[%emt 0:00:03][%mdl 4096] Endgame KRN-KBN} a5 31. Rb6 Bd5 32. Nc1 {[%emt 0:05:20] and Ra6 would now be decisive Dodges Bb3} c4 (32... Nd7 33. Ra6 Kf8) 33. Rb5 b3 $2 (33... c3 {keeps fighting.} 34. b3 (34. Rxa5 $2 cxb2 35. Rc5 Ne4 $19) (34. bxc3 Bc4 $18) 34... Bc6) 34. Ne2 ({Less strong is} 34. Rxa5 c3 35. Nxb3 (35. bxc3 $2 b2 $19) (35. Nd3 Be4 $15) 35... cxb2 $18) 34... Bc6 35. Rxa5 Ne4 $2 (35... Nd5 36. Rc5 c3 37. Nxc3 (37. Rxc6 $2 {loses.} cxb2 38. Kh2 b1=Q $19) 37... Nxc3 38. Rxc3 (38. Rxc6 Nxa4 39. Rd6 Nxb2 $18) 38... Bxa4) 36. f3 c3 37. fxe4 cxb2 38. Nc3 Bxe4 39. Rb5 1-0

[Event "35th Staufer-Open-A 2025"]
[Site "Schwaebisch Gmuend"]
[Date "2025.01.06"]
[Round "9.5"]
[White "Lu, Miaoyi"]
[Black "Skembris, Spyridon"]
[Result "0-1"]
[ECO "B38"]
[WhiteElo "2429"]
[BlackElo "2264"]
[Annotator "TA"]
[PlyCount "92"]
[EventDate "2024.11.24"]
[EventType "swiss"]
[EventCountry "GER"]
[SourceTitle "playchess.com"]
[Source "ChessBase"]
[SourceQuality "1"]
[TimeControl "40/6000+30:1200+30"]

1. e4 c5 2. Nf3 g6 3. d4 cxd4 4. Nxd4 Bg7 5. c4 Nc6 6. Be3 Nf6 7. Nc3 O-O 8. Be2 b6 9. Qd2 Bb7 10. f3 Rc8 11. O-O-O d6 12. Nxc6 Bxc6 13. Kb1 Qc7 14. h4 Qb7 15. h5 Nxh5 16. Bh6 e5 {[%emt 0:06:05] [#]} ({Black should play} 16... Be5 $1 $14) 17. Rxh5 $1 $18 gxh5 {[%emt 0:00:34] [#]} 18. Bxg7 $1 (18. Qxd6 f5 19. Bxg7 Qxg7 20. exf5 Qf6 21. Qxf6 Rxf6 $17) 18... Kxg7 19. Qg5+ (19. Qxd6 f6 20. Nd5 Rcd8 $17) 19... Kh8 20. Qf6+ (20. Rxd6 f6 21. Qxh5 Qg7 $11) 20... Kg8 21. Rxd6 Rfe8 22. Bd3 (22. c5 $18) 22... Re6 $16 23. Rxe6 fxe6 24. Qxe6+ Kh8 25. Nd5 {[%emt 0:05:56][%mdl 1024] White has strong compensation.} Re8 {[%emt 0:07:04] Dodges Ne7} 26. Qf6+ Kg8 27. Nb4 ({White should try} 27. Qh6 $16 {aiming for Nf6+.} Kh8 28. c5 (28. Qxh5 Qg7 $11) 28... Bxd5 29. exd5 bxc5 30. Qxh5) 27... Bd7 $14 28. c5 Be6 29. Bb5 (29. Qxe5 $2 Bxa2+ 30. Kxa2 Rxe5 $19) 29... Qe7 30. Qxe7 $2 (30. Qh6 $14 bxc5 31. Bxe8 (31. Qxh5 Rc8 $11) 31... cxb4 32. Bc6 (32. Bxh5 a5 $16) (32. Qxh5 Qd8 $11)) 30... Rxe7 {[%emt 0:00:02][%mdl 4096] Endgame KRB-KBN} 31. c6 (31. cxb6 $17 axb6 32. Kc2) 31... Rg7 32. Nd3 $2 (32. Bf1 {was the crucial defense.}) 32... Kf8 33. Nxe5 (33. Ba6 {is a better defense.} Ke8 (33... Rxg2 $2 34. c7 $19) 34. f4) 33... Rxg2 $19 34. c7 Ke7 {[%emt 0:00:33] Wards off Nd7} 35. f4 (35. Ba6 $142 Kd6 36. Nc4+ Kxc7 37. Ne3) 35... Kd6 36. f5 Bc8 (36... Kxe5 $2 {too greedy.} 37. fxe6 Rg8 (37... Rg1+ $2 38. Kc2 $18) 38. e7 $18) 37. Nd3 Kxc7 38. Nf4 Rg4 39. Nd5+ (39. Nxh5 $142 Rxe4 40. Ng7) 39... Kd6 40. Nf6 Rg1+ 41. Kc2 h4 42. Ne8+ Ke5 {[%emt 0:00:00][%cal Oh4h3] ( -> ...h3!)} 43. f6 Be6 44. Nc7 Kxf6 {[%emt 0:00:00] and ...h3 would now be decisive} 45. Nxe6 Kxe6 46. Ba6 Ke5 0-1

[Event "35th Staufer-Open-A 2025"]
[Site "Schwaebisch Gmuend"]
[Date "2025.01.06"]
[Round "9.6"]
[White "Velicka, Petr"]
[Black "Dgebuadze, Alexandre"]
[Result "1/2-1/2"]
[ECO "C04"]
[WhiteElo "2332"]
[BlackElo "2414"]
[Annotator "TA"]
[PlyCount "62"]
[EventDate "2024.11.24"]
[EventType "swiss"]
[EventCountry "GER"]
[SourceTitle "playchess.com"]
[Source "ChessBase"]
[SourceQuality "1"]
[TimeControl "40/6000+30:1200+30"]

1. e4 e6 2. d4 d5 3. Nd2 Nc6 4. Ngf3 Nf6 5. e5 Nd7 6. c3 a5 7. a4 b6 8. Bb5 Ndb8 {[%emt 0:04:34] White is slightly better.} 9. O-O Ba6 10. Qe2 Be7 11. Ne1 Bxb5 12. Qxb5 (12. axb5 $5 Na7 $8 13. Qg4 $14) 12... O-O $1 13. f4 Na7 14. Qe2 c5 15. Ndf3 Nac6 16. Be3 cxd4 17. Nxd4 Nxd4 18. cxd4 Nc6 19. Nd3 Qd7 20. Rfc1 Rfc8 21. b3 Bf8 22. Ne1 Ne7 23. Nf3 Nf5 24. Bd2 h5 25. Qd3 Be7 26. Ra2 Rxc1+ 27. Bxc1 Rc8 28. Rc2 Bb4 29. g3 {[%emt 0:07:54] The position is equal.} Rc7 30. Kf2 f6 31. Bd2 Rxc2 {[%emt 0:07:31] Weighted Error Value: White=0.09 (flawless) /Black=0.06 (flawless) .  Inaccurate:     	White=2     	Black=1      OK:         	White=6     	Black=11     Strong:       	---       	Black=1} 1/2-1/2

[Event "35th Staufer-Open-A 2025"]
[Site "Schwaebisch Gmuend"]
[Date "2025.01.06"]
[Round "9.7"]
[White "Hagner, Bennet"]
[Black "Langheinrich, Ferenc"]
[Result "1-0"]
[ECO "B08"]
[WhiteElo "2407"]
[BlackElo "2338"]
[Annotator "TA"]
[PlyCount "43"]
[EventDate "2024.11.24"]
[EventType "swiss"]
[EventCountry "GER"]
[SourceTitle "playchess.com"]
[Source "ChessBase"]
[SourceQuality "1"]
[TimeControl "40/6000+30:1200+30"]

1. e4 d6 2. d4 Nf6 3. Nc3 g6 4. Be3 a6 5. Nf3 Bg7 6. Qd2 Bg4 7. O-O-O c6 (7... Nc6 $14) 8. Be2 $16 b5 {[%emt 0:14:15] White is better.} 9. h3 Bxf3 10. Bxf3 ({Of course not} 10. gxf3 $6 Nbd7 $11) 10... d5 11. e5 Nfd7 12. h4 Nb6 13. b3 {[%emt 0:01:46] Prevents Nc4. White is much more active.} h6 {[%emt 0:03:21] [#]} (13... e6 $16 14. h5 Qe7) 14. e6 $1 $18 Qd6 {[%emt 0:02:43] Black is weak on the light squares} (14... a5 15. Ne2) 15. Rhe1 {[%emt 0:05:11][%cal Bh1e1,Be1e6,Be6f6][%mdl 32] Bf4 would now be deadly.} a5 (15... fxe6 $16 16. Bf4 e5) 16. exf7+ Kf8 17. Bf4 ({But not} 17. h5 g5 18. Bg4 N8d7 $18) 17... Qa3+ (17... Qf6 18. h5 N8d7 19. hxg6 Qxg6) 18. Kb1 N8d7 {[%emt 0:02:08] White is clearly winning.} 19. Re6 b4 20. Ne2 {[%emt 0:00:27] Qd3 is the strong threat.} Kxf7 {[%emt 0:02:24] [#]} 21. Qd3 Bf6 22. Rxf6+ {[%emt 0:00:25] White took control after the opening.   Weighted Error Value: White=0.13 (very precise) /Black=0.41.  Mistake:       	---       	Black=4      OK:         	White=8     	Black=5      Best:        	White=1     	---} 1-0

[Event "35th Staufer-Open-A 2025"]
[Site "Schwaebisch Gmuend"]
[Date "2025.01.06"]
[Round "9.8"]
[White "Kolb, Tobias"]
[Black "Harshavardhan G B"]
[Result "1-0"]
[ECO "E44"]
[WhiteElo "2342"]
[BlackElo "2405"]
[Annotator "TA"]
[PlyCount "73"]
[EventDate "2024.11.24"]
[EventType "swiss"]
[EventCountry "GER"]
[SourceTitle "playchess.com"]
[Source "ChessBase"]
[SourceQuality "1"]
[TimeControl "40/6000+30:1200+30"]

1. d4 Nf6 2. c4 e6 3. Nc3 Bb4 4. e3 b6 5. Nge2 Ne4 6. Bd2 Nxd2 7. Qxd2 Bb7 8. a3 Be7 9. d5 d6 10. dxe6 fxe6 11. Nf4 Qd7 12. Be2 e5 (12... g5 $11 13. Nh5 Rg8) 13. Nfd5 $14 Bd8 14. Ne4 {[%emt 0:04:58] aiming for Bh5+. Excellent horsemanship.} O-O 15. Rd1 Qe6 16. O-O {[%emt 0:05:28] White is much more active. The black rooks are passive.} Na6 ({Black should play} 16... Nd7 $14) 17. b4 $16 Kh8 18. Bf3 (18. f4 $16) 18... c6 $14 19. Ndc3 Be7 20. b5 cxb5 21. cxb5 (21. Nxb5 $2 Rxf3 (21... Qxc4 $2 22. Nexd6 Qa4 23. Bxb7 $18) (21... Qg6 22. Nbxd6 Rad8 23. Nxb7 $19) 22. gxf3 Qg6+ 23. Ng3 Bxf3 24. Nxd6 (24. Qd3 $2 Qg4 $19) 24... Rf8 $19 (24... Bxd1 25. Rxd1 Rf8 26. Qd5 $11) (24... Nc5 $2 25. e4 $19) (24... Rd8 25. Nf7+ Qxf7 26. Qxd8+ Bxd8 27. Rxd8+ $18)) (21. Ng5 {seems wilder.} Qc8 22. Bxb7 Qxb7 23. Ne6) 21... Rxf3 22. bxa6 $1 (22. gxf3 Nc7 $15) 22... Bxe4 23. Nxe4 (23. gxf3 $2 Qg6+ 24. Kh1 Bxf3#) 23... Rff8 24. Nc3 $36 {[%emt 0:01:47][%mdl 2048] White has the initiative.} (24. Nxd6 $2 Rad8 25. Qc2 Rxd6 $19) 24... Rac8 25. Qd5 Qd7 26. Ne4 Qa4 (26... h6 $16) 27. Qb7 $18 (27. Nxd6 $6 Bxd6 28. Qxd6 Qxa6 $16) 27... Bh4 (27... h6 $142 28. h3 (28. Nxd6 Bxd6 29. Rxd6 Qc2 $18) (28. Qxe7 Qxe4 29. Rd2 Rfd8 $16) (28. Qxa7 Bh4 $18) 28... Bh4 29. Rxd6 Rce8) 28. Nxd6 ({Less strong is} 28. Rxd6 Rb8 29. Qd5 (29. Qxa7 Qxe4 30. g3 Bg5 $11) 29... Qxa6 $16) 28... Bxf2+ $2 (28... Rb8) 29. Kh1 $1 Rb8 30. Qd5 Qd7 {[%emt 0:01:40] Black is weak on the light squares} 31. Qxe5 (31. Rd2 $142 Qc7 32. h3 (32. Rfxf2 $2 {loses.} Rxf2 33. Rd1 Rbf8 $19) (32. Qxe5 Bg3 $11) (32. Rdxf2 Rxf2 33. Nf7+ Kg8 $11) 32... Bxe3 33. Nf7+ Rxf7 34. Rxf7) 31... Qg4 $2 (31... Qc7 32. Qd5 h6) 32. h3 Qg6 {[%emt 0:01:24] [#]} (32... Qe2 $142 33. Qd5 Rf6) 33. Rxf2 $1 Rxf2 {[%emt 0:02:26] [#]} (33... h6 34. Rdf1) 34. Nf7+ $1 Kg8 (34... Qxf7 35. Qxb8+) 35. Qxb8+ Kxf7 36. Rd7+ Ke6 37. Rd6+ (37. Rxa7 $2 Qxg2#) 1-0

[Event "35th Staufer-Open-A 2025"]
[Site "Schwaebisch Gmuend"]
[Date "2025.01.06"]
[Round "9.9"]
[White "Riehle, Marco"]
[Black "Ferster, Fabian"]
[Result "1/2-1/2"]
[ECO "B33"]
[WhiteElo "2388"]
[BlackElo "2231"]
[Annotator "TA"]
[PlyCount "109"]
[EventDate "2024.11.24"]
[EventType "swiss"]
[EventCountry "GER"]
[SourceTitle "playchess.com"]
[Source "ChessBase"]
[SourceQuality "1"]
[TimeControl "40/6000+30:1200+30"]

1. e4 c5 2. Nf3 Nc6 3. d4 cxd4 4. Nxd4 Nf6 5. Nc3 e5 6. Ndb5 d6 7. Bg5 a6 8. Na3 b5 9. Nd5 Be7 10. Bxf6 Bxf6 11. c4 b4 12. Nc2 O-O 13. g3 Be6 14. Bg2 ({Of course not} 14. Ncxb4 Nxb4 15. Nxb4 Qb6 $15) 14... Bxd5 15. cxd5 Nd4 16. Nxd4 exd4 17. O-O Qb6 18. Bh3 Ra7 19. Rc1 Rc7 20. Qd3 Re8 {[%emt 0:11:15] Black is weak on the light squares} 21. Rfe1 Ree7 22. Rxc7 Rxc7 23. f4 Re7 (23... g6 $11 {might be stronger.}) 24. Rc1 Rc7 25. Re1 $40 {[%emt 0:00:08][%mdl 128] White mounts an attack.} Re7 26. Bf1 a5 27. b3 g6 28. Qb5 Qxb5 29. Bxb5 $14 {[%emt 0:00:58][%mdl 4096] Endgame. KRB-KRB} Kf8 30. Kf2 Rc7 31. Bc4 a4 32. e5 Be7 33. Ke2 {[%emt 0:03:52] White is more active.} axb3 34. axb3 Ra7 {[%emt 0:00:22] Repels Ra1} 35. Kd3 Ra2 36. Kxd4 h5 (36... dxe5+ 37. fxe5 Rd2+ 38. Ke3 (38. Bd3 f6 $18) 38... Bg5+ 39. Ke4 $18) 37. Re2 Rxe2 38. Bxe2 $16 {[%emt 0:00:04] KB-KB} Ke8 39. h4 Kd8 40. Bd3 Bf8 41. Kc4 Bg7 42. exd6 (42. e6 $16 f5 43. Kxb4) 42... Bc3 {[%emt 0:00:15] [#]} (42... f5 $1 $14) 43. f5 $1 Be1 44. fxg6 fxg6 45. Bxg6 Bxg3 46. Kxb4 {[%emt 0:00:00] Black must now prevent Kc5.} Bxd6+ 47. Kb5 {[%emt 0:00:00][%cal Ob5c6] Kc6! would now be deadly.} Kc7 48. Bxh5 Be7 49. b4 Bxh4 50. Ka6 Be1 51. b5 Bf2 {[%emt 0:00:05] Against b6+} 52. Bf3 Be3 {[%emt 0:00:22] [#]} 53. b6+ Bxb6 $11 {[%emt 0:00:05] [#]} 54. d6+ $1 Kxd6 (54... Kd7 55. Kxb6) 55. Kxb6 {[%emt 0:00:00] Weighted Error Value: White=0.11 (very precise) /Black=0.09 (flawless) .  Mistake:       	White=2     	Black=2      Inaccurate:     	White=3     	Black=3      OK:         	White=20    	Black=19     Best:        	White=1     	Black=2      Strong:       	White=1     	---} 1/2-1/2

[Event "35th Staufer-Open-A 2025"]
[Site "Schwaebisch Gmuend"]
[Date "2025.01.06"]
[Round "9.10"]
[White "Duong, Quang Bach"]
[Black "Senthil Maran K"]
[Result "1-0"]
[ECO "B15"]
[WhiteElo "2207"]
[BlackElo "2398"]
[Annotator "TA"]
[PlyCount "83"]
[EventDate "2024.11.24"]
[EventType "swiss"]
[EventCountry "GER"]
[SourceTitle "playchess.com"]
[Source "ChessBase"]
[SourceQuality "1"]
[TimeControl "40/6000+30:1200+30"]

1. e4 c6 2. d4 d5 3. Nd2 dxe4 4. Nxe4 Nf6 5. Nxf6+ exf6 6. Be3 Bd6 7. Bd3 Na6 8. a3 {[%emt 0:00:16] Wards off Nb4} O-O 9. Ne2 Nc7 10. O-O Nd5 11. Bd2 f5 12. c4 Nc7 13. Qc2 g6 14. Rad1 Re8 15. Rfe1 Be6 16. Nc3 Qh4 17. f4 Bxf4 $17 18. g3 {[%emt 0:00:17] [#]} (18. Bxf4 $17 Qxf4 19. Bf1) 18... Bxg3 $1 $19 19. hxg3 Qxg3+ (19... Qxd4+ 20. Be3 Qg7 21. Qf2 $18) 20. Kh1 {[%emt 0:00:07] [#]} f4 $1 {[%emt 0:05:24][%mdl 1024] Black has strong compensation.} 21. Ne4 Qh4+ 22. Kg1 Bg4 23. Bc3 $2 (23. Bxf4 $17 Bxd1 24. Qf2 Qg4+ (24... Qxf2+ 25. Kxf2 Rxe4 26. Bxe4 $17) 25. Kh2 Qh5+ 26. Kg1 Qg4+) 23... Bf3 $2 (23... Bxd1 $19 24. Qxd1 f5) 24. Qh2 $17 Qg4+ 25. Kf2 Bxe4 (25... Bxd1 $2 26. Nf6+ Kg7 27. Nxg4 Bxg4 28. d5+ (28. Qxf4 Rxe1 29. d5+ Kf8 $18) 28... f6 29. Qxf4 Nxd5 30. cxd5 $18 (30. Qxg4 Nxc3 31. Qd7+ Kf8 $18)) (25... Rxe4 $1 $17 26. Bxe4 Bxd1) 26. Bxe4 $11 Rxe4 27. Rxe4 $40 {[%emt 0:00:32][%mdl 128] White mounts an attack.} Qxd1 28. Qxf4 (28. d5 $1 $11 Re8 (28... cxd5 29. Qh6 $16) 29. Qh6 Qc2+ (29... Rxe4 30. Qg7#) 30. Kg1 Qb1+ (30... Rxe4 31. Qg7#) 31. Kf2) 28... Ne6 (28... Re8 29. Rxe8+ Nxe8 30. Qe5 Qc2+ 31. Kg3 Qd3+ 32. Kh2 Qc2+ 33. Kg3 Qd3+ 34. Kg2 Qc2+ 35. Kg3 $11) (28... Qc2+ $1 $15 29. Re2 Ne6) 29. Qe5 {[%emt 0:00:37] [#]} (29. Qf6 $1 $11 {was the only way to keep the balance.} Qc2+ 30. Re2) 29... Qh5 ({Black should try} 29... Ng7 $1 $17 {Hoping for ...Re8.} 30. d5 f6 (30... Qc2+ 31. Kg1 $11)) 30. Qxh5 gxh5 {[%emt 0:00:01][%mdl 4096] Endgame KRB-KRN. Black is two pawns up.} 31. d5 cxd5 32. cxd5 Nc7 $2 (32... Ng5 $11 {and Black has nothing to worry.} 33. Re1 f5) 33. d6 $18 Nd5 $2 (33... Ne6) 34. d7 Kf8 {[%emt 0:00:02] [#] Inhibits Re8+.} 35. Bg7+ $1 Kxg7 {[%emt 0:01:56] KRN-KR} 36. Re8 Nb6 37. Rxa8 ({Not} 37. d8=R Rxd8 38. Rxd8 Nc4 $16) 37... Nxd7 38. Rxa7 Nc5 39. b4 Ne4+ 40. Kf3 Nd6 41. a4 Kf6 42. a5 1-0

[Event "35th Staufer-Open-A 2025"]
[Site "Schwaebisch Gmuend"]
[Date "2025.01.06"]
[Round "9.11"]
[White "Hasanov, Zaur"]
[Black "Meissner, Felix"]
[Result "1-0"]
[ECO "B51"]
[WhiteElo "2231"]
[BlackElo "2372"]
[Annotator "TA"]
[PlyCount "47"]
[EventDate "2024.11.24"]
[EventType "swiss"]
[EventCountry "GER"]
[SourceTitle "playchess.com"]
[Source "ChessBase"]
[SourceQuality "1"]
[TimeControl "40/6000+30:1200+30"]

1. e4 c5 2. Nf3 d6 3. d4 cxd4 4. Qxd4 e5 5. Bb5+ Nd7 6. Qd3 h6 7. Be3 Ngf6 8. Nc3 a6 9. Bc4 Be7 10. a4 O-O {[%emt 0:04:45] White is slightly better.} 11. O-O Kh8 (11... Ng4 $14 {is more appropriate.}) 12. a5 $16 {[%emt 0:13:13] White is much more active.} Qc7 (12... Ng4 $142) 13. Na4 Nc5 14. Bxc5 dxc5 15. Nb6 Rb8 16. h3 g6 (16... Bd7 $142) 17. Qc3 $36 {[%emt 0:05:31][%mdl 2048] Black is under strong pressure.} Bd6 18. Rfd1 {[%emt 0:04:38] Qd2 is the strong threat.} Kg7 {[%emt 0:00:42] [#]} 19. Bd5 Ne8 (19... Nd7 $16 20. Nc4 Be7 21. Nfxe5 (21. Ncxe5 $2 {too greedy.} Bf6 $19) 21... Nxe5) 20. Bb3 {[%emt 0:08:59] Hoping for Nd5.} f6 (20... Nf6 $16 21. Nc4 Be7 (21... Nxe4 $2 {perishes.} 22. Qd3 $18)) 21. Nd2 {[%emt 0:02:08] Black must now prevent Ndc4. Excellent horsemanship. Black is weak on the light squares} Bd7 $2 (21... Qe7 22. Ndc4 Be6) 22. Nxd7 $18 Qxd7 23. Nc4 Qc7 (23... Qe7 {might work better.} 24. Rd3 f5 25. exf5 Qf6) 24. Rd3 {[%emt 0:01:01] Weighted Error Value: White=0.12 (very precise) /Black=0.52.  Mistake:       	---       	Black=7      Inaccurate:     	White=1     	Black=1      OK:         	White=10    	Black=3      Best:        	White=1     	---} 1-0